AoeStats
← 2nd.DaMbEdAi | BoNzAi

Socotra

506924138Analyzed
3v3 RM · 17d ago on Sep 15, 2026· 42m 43s· 6 players
Game mode
Random Map
Map size
128×128
Population
200
Speed
Normal
Resources
Standard
Victory
Conquest
Starting age
Dark Age
Ending age
Imperial Age
RankedLock teamsTeams togetherTeam positionsShared explorationLock speedFull tech treeHidden civsTurbo modeCheats
Victory
Defeat
🇩🇪 Chinese · Germany
1474
+10
🇩🇪 Muisca · Germany
1473
+10
🇩🇪 Goths · Germany
1016
+28
🇬🇧 Inca · United Kingdom
1348
-17
🇬🇧 Britons · United Kingdom
1346
-17
🇨🇱 Aztecs · Chile
1282
-14
momizzle13
1:03 Loom
9:00 Feudal Age
10:45 Double-Bit Axe
13:09 Fletching
18:40 Padded Archer Armor
23:53 Castle Age
23:56 Crossbowman
24:34 Bodkin Arrow
25:24 Bow Saw
26:08 Ballistics
26:38 Wheelbarrow
26:56 Gold Mining
27:50 Leather Archer Armor
36:20 Imperial Age
34:09 Thumb Ring
37:26 Bracer
37:29 Arbalester
43:51 Chemistry
hannezthemenace
6:51 Loom
9:32 Feudal Age
9:33 Champi Runner
14:23 Town Watch
20:22 Castle Age
19:41 Scale Mail Armor
21:10 Squires
20:47 Pikeman
21:11 Champi Warrior
25:30 Forging
26:18 Double-Bit Axe
27:49 Chain Mail Armor
27:51 Horse Collar
29:31 Wheelbarrow
37:04 Bow Saw
2nd.DaMbEdAi | BoNzAi
7:59 Loom
12:13 Feudal Age
24:43 Double-Bit Axe
26:10 Horse Collar
27:45 Wheelbarrow
31:03 Castle Age
31:33 Elite Skirmisher
34:18 Fletching
34:29 Padded Archer Armor
37:09 Fletching
38:51 Bodkin Arrow
ryocallan
6:16 Loom
8:29 Feudal Age
12:08 Champi Runner
16:46 Double-Bit Axe
21:46 Castle Age
20:30 Scale Mail Armor
21:31 Forging
22:23 Champi Warrior
23:04 Squires
25:51 Arson
27:49 Chain Mail Armor
37:32 Iron Casting
willrhyd
8:58 Feudal Age
9:04 Loom
9:29 Double-Bit Axe
12:02 Fletching
22:52 Castle Age
21:34 Padded Archer Armor
21:50 Gold Mining
23:33 Bodkin Arrow
23:08 Crossbowman
24:52 Bow Saw
25:48 Leather Archer Armor
26:54 Ballistics
26:37 Horse Collar
36:08 Gold Shaft Mining
36:10 Wheelbarrow
41:42 Imperial Age
43:16 Imperial Age
QNA | JadoS
8:01 Loom
10:46 Feudal Age
11:40 Double-Bit Axe
12:54 Fletching
34:29 Castle Age
32:48 Scale Mail Armor
35:12 Forging
35:03 Eagle Warrior
35:32 Gambesons
35:47 Squires
37:03 Wheelbarrow
36:43 Bow Saw
40:30 Chain Mail Armor
44:26 Imperial Age
43:18 Iron Casting
Connection lost

Rejoining the realm…

Still unreachable

The connection could not be restored.

Session expired

The server has moved on; the page needs a fresh start.